 Dungeon Crawl Stone Soup version 0.26-a0-490-gf8362a0c98 (webtiles) character file.

Game seed: 9463719719063188587

10405 hograthm the Carver (level 11, -16/100 HPs)
             Began as a Minotaur Fighter on Aug 4, 2020.
             Was a Believer of the Shining One.
             Demolished by a cyclops (25 damage)
             ... on level 11 of the Dungeon.
             The game lasted 00:42:18 (11214 turns).

hograthm the Carver (Minotaur Fighter)             Turns: 11214, Time: 00:42:19

Health: -16/100    AC: 16    Str: 38    XL:     11   Next: 35%
Magic:  3/3        EV:  7    Int: 10    God:    the Shining One [**....]
Gold:   727        SH:  0    Dex:  9    Spells: 10/10 levels left

rFire    . . .     SeeInvis +   b - +8 long sword of Zasab {antimagic, *Drain Int+5 SInv}
rCold    + + .     Faith    .   c - +0 kite shield
rNeg     + . .     Spirit   .   o - +0 plate armour
rPois    .         Reflect  +   m - +0 hat {SInv}
rElec    .         Harm     .   G - +0 cloak of the Scribe {rC+ Regen+}
rCorr    .                      (no gloves)
MR       .....                  (no boots)
Stlth    ..........             t - amulet of reflection
HPRegen  0.66/turn              x - ring of Bodily Harmony {rC+ MR- Str+7}
MPRegen  0.08/turn              y - +6 ring of strength

@: confused, glowing
A: retaliatory headbutt, horns 2
a: Divine Shield, Renounce Religion


You were on level 11 of the Dungeon.
You worshipped the Shining One.
The Shining One was pleased with you.
You visited 1 branch of the dungeon, and saw 11 of its levels.

You collected 727 gold pieces.

Inventory:

Hand Weapons
 a - a +1 long sword
 b - the +8 long sword of Zasab (weapon) {antimagic, *Drain Int+5 SInv}
   (You found it on level 9 of the Dungeon)

   It reduces the magical energy of the wielder, and disrupts the spells and
   magical abilities of those hit.
   Natural abilities and divine invocations are not affected.
   It affects your intelligence (+5).
   It lets you see invisible.
   It causes draining when unequipped.
 A - a +4 falchion of freezing
Missiles
 p - 12 curare-tipped darts (quivered)
 s - 35 poisoned darts
Armour
 c - a +0 kite shield (worn)
 m - a +0 hat of see invisible (worn)
 o - a +0 plate armour (worn)
 G - the +0 cloak of the Scribe (worn) {rC+ Regen+}
   (You found it on level 8 of the Dungeon)

   It protects you from cold.
   It increases your rate of regeneration.
 J - a +2 ring mail of fire resistance
Jewellery
 q - an uncursed ring of flight
 r - an uncursed amulet of faith
 t - an amulet of reflection (around neck)
 x - the ring of Bodily Harmony (left hand) {rC+ MR- Str+7}
   (You found it on level 6 of the Dungeon)

   [ring of protection from cold]

   It affects your strength (+7).
   It protects you from cold.
   It affects your resistance to hostile enchantments.
 y - a +6 ring of strength (right hand)
Wands
 f - a wand of iceblast (10)
 u - a wand of paralysis (10)
 C - a wand of flame (11)
Scrolls
 e - 5 scrolls of teleportation
 g - 10 scrolls of remove curse
 j - 2 scrolls of magic mapping
 n - 5 scrolls of blinking
 w - a scroll of fear
 B - a scroll of identify
Potions
 d - a potion of degeneration {unknown}
 h - 5 potions of curing
 i - 5 potions of stabbing
 k - 2 potions of brilliance
 l - a potion of cancellation {unknown}
 v - a potion of magic {unknown}
 z - a potion of flight {unknown}
 D - a potion of heal wounds
 H - 2 potions of lignification


   Skills:
 + Level 10.3 Fighting
 * Level 13.3 Long Blades
   Level 0.0 Polearms
 + Level 10.2 Armour
 + Level 10.3 Shields


You had 10 spell levels left.
You didn't know any spells.
Your spell library contained the following spells:

 Spells                   Type           Power        Failure   Level
 Animate Skeleton         Necr           #.....       98%         1
 Apportation              Tloc           #.....       98%         1
 Corona                   Hex            #......      98%         1
 Summon Small Mammal      Summ           #...         98%         1


Dungeon Overview and Level Annotations

Branches:
Dungeon (11/15)            Temple (0/1) D:4            Lair (0/6) D:11
    Orc: D:9-12

Altars:
Cheibriados
Dithmenos
Elyvilon
Kikubaaqudgha
Makhleb
Nemelex Xobeh
Okawaru
Qazlal
Trog
Vehumet
Wu Jian
Xom
Yredelemnul
The Shining One

Shops:
D:5 *   D:9 =   D:10 *

Annotations:
D:11 Maurice


Innate Abilities, Weirdness & Mutations

You reflexively headbutt those who attack you in melee.
You have a pair of horns on your head.


Message History

You feel much better.
The black bear bites you but does no damage.
The black bear claws you but does no damage.
The black bear closely misses you. The troll bites you.
The troll barely misses you. The troll claws you but does no damage.
Maurice zaps a wand.
You resist with significant effort.
You're too confused!
You slash the black bear! Your headbutt misses the black bear.
The black bear is moderately wounded.
The black bear completely misses you. The black bear claws you.
The black bear claws you but does no damage.
The cyclops hits you!!
* * * LOW HITPOINT WARNING * * *
Maurice zaps a wand.
Your will is overpowered!
You are more confused.
The troll barely misses you. The troll claws you but does no damage.
The troll claws you!
* * * LOW HITPOINT WARNING * * *
The cyclops hits you!!
You die...

.. ###### .... #..... ..
.... +.....
...##########.... ##...#
..............######...#
.......@C.....#........#
......Th@.....#....^...#
..............#........#
..............#...####.#
.......####'###...####.#
.......#....(....>......
.......#................
..^....#................
..... ###############..


You could see Maurice, a cyclops, a troll and a black bear.

Vanquished Creatures
  Gastronok (D:8)
  A two-headed ogre (D:10)
  Erica (D:9)
  Pikel (D:4)
  2 ugly things
  A cyclops (D:10)
  Joseph (D:10)
  Prince Ribbit (D:8)
  A hippogriff (D:9)
  6 yaks (D:10)
  A wyvern (D:11)
  A water moccasin (D:7)
  3 ice beasts
  4 black bears
  2 orc warriors
  3 sky beasts
  3 ogres
  A centaur (D:5)
  A big kobold (D:10)
  6 bullfrogs
  3 scorpions
  6 killer bees (D:10)
  9 wights
  2 howler monkeys (D:8)
  A quasit (D:10)
  A centaur zombie (D:5)
  4 jellies
  A centaur skeleton (D:5)
  8 hounds
  4 orc priests
  Crazy Yiuf (D:3)
  3 bullfrog skeletons
  7 orc wizards
  An iguana (D:9)
  2 worker ants
  Natasha (thrice) (D:4)
  A hound skeleton (D:8)
  4 gnolls
  A howler monkey skeleton (D:6)
  16 adders
  A shadow imp (D:8)
  4 white imps
  An ufetubus (D:7)
  An ooze (D:6)
  An adder zombie (D:7)
  2 adder skeletons
  4 worms
  5 dart slugs
  6 leopard geckos
  38 orcs
  8 giant cockroaches
  2 gnoll zombies (D:8)
  5 goblins
  9 hobgoblins
  7 jackals
  10 kobolds
  4 quokkas
  4 ball pythons
  4 bats
  6 frilled lizards
  A leopard gecko skeleton (D:5)
  A quokka zombie (D:9)
  7 rats
250 creatures vanquished.

Vanquished Creatures (others)
  A fungus (D:11)
1 creature vanquished.

Grand Total: 251 creatures vanquished

Notes
Turn   | Place    | Note
-------+----------+-------------------------------------------
     0 | D:1      | hograthm the Minotaur Fighter began the quest for the Orb.
     0 | D:1      | Reached XP level 1. HP: 19/19 MP: 0/0
   142 | D:1      | Reached XP level 2. HP: 25/27 MP: 1/1
   209 | D:1      | Found a sparkling altar of Nemelex Xobeh.
   213 | D:1      | Reached skill level 3 in Long Blades
   434 | D:1      | Reached XP level 3. HP: 31/33 MP: 2/2
  1182 | D:2      | Reached XP level 4. HP: 30/40 MP: 3/3
  1486 | D:2      | Reached skill level 4 in Long Blades
  1872 | D:2      | Reached XP level 5. HP: 43/47 MP: 4/4
  2674 | D:3      | Found a runed translucent door.
  2675 | D:3      | Noticed Crazy Yiuf
  2716 | D:3      | Found a faded altar of an unknown god.
  2733 | D:3      | You fall into a shaft and drop 2 floors!
  2733 | D:5      | Entered Level 5 of the Dungeon
  2743 | D:5      | Noticed a centaur
  2746 | D:5      | Found Zoguqiv's General Store.
  2752 | D:5      | Killed a centaur
  2752 | D:5      | Reached skill level 5 in Long Blades
  2752 | D:5      | Reached XP level 6. HP: 38/55 MP: 5/5
  3054 | D:4      | Found a staircase to the Ecumenical Temple.
  3125 | D:4      | Reached skill level 5 in Fighting
  3125 | D:4      | Reached skill level 5 in Armour
  3125 | D:4      | Reached skill level 5 in Shields
  3251 | D:4      | Noticed Natasha
  3261 | D:4      | Killed Natasha
  3751 | D:4      | Noticed Natasha
  3756 | D:4      | Killed Natasha
  3756 | D:4      | Reached skill level 6 in Long Blades
  3914 | D:4      | Noticed Pikel
  3936 | D:4      | Killed Pikel
  3936 | D:4      | Reached skill level 7 in Long Blades
  3936 | D:4      | Reached XP level 7. HP: 55/63 MP: 6/6
  4113 | D:4      | Noticed Natasha
  4120 | D:4      | Killed Natasha
  4571 | D:3      | Found a shadowy altar of Dithmenos.
  4869 | D:3      | Killed Crazy Yiuf
  4869 | D:3      | Reached XP level 8. HP: 62/70 MP: 0/7
  5055 | D:5      | Got a fine leather armour
  5366 | D:5      | Reached skill level 8 in Long Blades
  5501 | D:5      | Found a glowing golden altar of the Shining One.
  6097 | D:5      | Became a worshipper of the Shining One
  6160 | D:6      | HP: 2/71 [orc priest/nerve-wracking pain (3)]
  6556 | D:6      | Got a transparent wooden ring
  6685 | D:6      | Reached skill level 9 in Long Blades
  7063 | D:6      | Found an ancient bone altar of Kikubaaqudgha.
  7063 | D:6      | Found an iron altar of Okawaru.
  7176 | D:7      | Noticed a red ugly thing
  7218 | D:7      | Killed a red ugly thing
  7218 | D:7      | Reached XP level 9. HP: 24/79 MP: 8/8
  7797 | D:7      | Reached * piety under the Shining One
  7848 | D:7      | Found a stormy altar of Qazlal.
  7919 | D:7      | Reached skill level 10 in Long Blades
  8149 | D:7      | Found an ornate altar of the Wu Jian Council.
  8666 | D:8      | Noticed Prince Ribbit
  8666 | D:8      | Found a radiant altar of Vehumet.
  8680 | D:8      | Killed Prince Ribbit
  8753 | D:8      | Noticed Gastronok
  8770 | D:8      | Killed Gastronok
  8770 | D:8      | Reached skill level 11 in Long Blades
  8770 | D:8      | Reached XP level 10. HP: 71/91 MP: 9/9
  9059 | D:8      | Found a burning altar of Makhleb.
  9101 | D:8      | Found a snail-covered altar of Cheibriados.
  9104 | D:8      | Found a white marble altar of Elyvilon.
  9107 | D:8      | Found a shimmering altar of Xom.
  9350 | D:8      | Found a basalt altar of Yredelemnul.
  9421 | D:8      | Got an ichor-stained cloak
  9432 | D:8      | Identified the +0 cloak of the Scribe {rC+ Regen+} (You
                  | found it on level 8 of the Dungeon)
  9606 | D:8      | Identified the ring of Bodily Harmony {rC+ MR- Str+7} (You
                  | found it on level 6 of the Dungeon)
  9704 | D:9      | Found a bloodstained altar of Trog.
  9715 | D:9      | Got a masterwork long sword
  9716 | D:9      | Identified the +8 long sword of Zasab {antimagic, *Drain
                  | Int+5 SInv} (You found it on level 9 of the Dungeon)
  9785 | D:9      | Noticed Erica
  9792 | D:9      | Killed Erica
  9792 | D:9      | Reached skill level 12 in Long Blades
  9871 | D:9      | Reached ** piety under the Shining One
 10010 | D:9      | Found Zaky's Jewellery Boutique.
 10120 | D:10     | Entered Level 10 of the Dungeon
 10224 | D:10     | Noticed a two-headed ogre
 10229 | D:10     | Killed a two-headed ogre
 10275 | D:10     | Reached XP level 11. HP: 99/99 MP: 3/10
 10350 | D:10     | Noticed Joseph
 10355 | D:10     | Killed Joseph
 10359 | D:10     | Reached skill level 10 in Shields
 10409 | D:10     | Reached skill level 10 in Fighting
 10409 | D:10     | Reached skill level 10 in Armour
 10414 | D:10     | Reached skill level 13 in Long Blades
 10524 | D:10     | Found Ixustisu's General Store.
 11099 | D:11     | Found a staircase to the Lair.
 11116 | D:11     | Noticed a white ugly thing
 11126 | D:11     | Killed a white ugly thing
 11203 | D:11     | Noticed Maurice
 11214 | D:11     | Demolished by a cyclops

Illustrated notes

Levels and vault maps discovered:
D:1:      tarquinn_simple_flora_water_c, layout_loops_ring,
          nemelex_xobeh_ov_fountains_minmay
D:2:      layout_loops_ring, minmay_shallow_snake_nest
D:3:      layout_basic, lemuel_doored_altar, chequers_ecumenical_altar_twisty,
          uniq_crazy_yiuf_cottage
D:4:      layout_basic, minmay_temple_entry_sparse_star, uniq_pikel,
          uniq_natasha
D:5:      layout_rooms, minmay_shop_grid_forest, tso_altar
D:6:      layout_loops_ring, gammafunk_temple_overflow_statue,
          minmay_misc_feat_diagonals
D:7:      layout_loops_corners, nicolae_qazlal_style_of_elements,
          lemuel_coloured_pillars_altar
D:8:      layout_rooms, kennysheep_mini_moat, vehumet_altar_wand_db,
          grunt_temple_overflow_diamond, lemuel_zombie_altar_yredelemnul,
          uniq_gastronok, uniq_prince_ribbit1
D:9:      layout_rooms, bloody_trog, serial_shops, shop, serial_bayou_crossing,
          uniq_erica
D:10:     layout_loops_ring, serial_shops, shop, uniq_joseph
D:11:     layout_gridville, grunt_lair_entry_orc_guard_hut, uniq_grum,
          uniq_maurice

Skill      XL: |  1  2  3  4  5  6  7  8  9 10 11 |
---------------+----------------------------------+-----
Long Blades    | 3 4 5 7 9 11 12 13 | 13.3
Shields        | 4 6 7 9 10 | 10.3
Fighting       | 4 6 7 9 10 | 10.3
Armour         | 4 6 7 9 10 | 10.2

Action                   |  1- 3 |  4- 6 |  7- 9 | 10-12 || total
-------------------------+-------+-------+-------+-------++-------
Melee: Long sword        |    53 |   205 |   221 |   139 ||   618
       Headbutt          |     8 |    30 |    62 |    30 ||   130
       Falchion          |       |       |    80 |    35 ||   115
  Use: Scroll            |     2 |       |     5 |    14 ||    21
       Potion            |       |     1 |     3 |     1 ||     5
Armor: Scale mail        |     7 |       |       |       ||     7
       Chain mail        |    20 |    65 |    92 |    10 ||   187
       Plate armour      |       |       |       |    41 ||    41
Dodge: Dodged            |    17 |    38 |    33 |    28 ||   116
Block: Kite shield       |    32 |    95 |   189 |   113 ||   429
       Reflection        |       |       |     6 |     3 ||     9
       Rpst.: Long sword |     4 |     6 |     6 |     6 ||    22
       Falchion          |       |       |     2 |     1 ||     3

Table legend: (Time is in decaauts)
 A = Elapsed time spent in this place.
 B = Non-inter-level travel time spent in this place.
 C = Inter-level travel time spent in this place.
 D = Time resting spent in this place.
 E = Time spent auto-exploring this place.
 F = Levels seen in this place.
 G = Mean time per level.
                   A        B        C        D        E       F      G
               +--------+--------+--------+--------+--------+-----+--------+
         Total |  11256 |  10490 |    766 |   2479 |   6335 |  11 | 1023.3 |
       Dungeon |  11256 |  10490 |    766 |   2479 |   6335 |  11 | 1023.3 |
               +--------+--------+--------+--------+--------+-----+--------+

Top non-repeatable levels by time:
     D:4: 1433 daAuts
     D:7: 1412 daAuts
     D:5: 1272 daAuts
     D:2: 1220 daAuts
     D:1: 1151 daAuts
     D:8: 1131 daAuts
     D:3: 1130 daAuts
     D:6: 1016 daAuts
    D:10: 811 daAuts
     D:9: 416 daAuts
    D:11: 259 daAuts
